 Dungeon Crawl Stone Soup version 0.29.1-14-g9c671dbff4 (webtiles) character file.

Game seed: 8916983676847817087

42 leafyfresh the Gusty (level 3, -3/21 HPs)
             Began as an Octopode Air Elementalist on Feb 21, 2023.
             Slain by a hobgoblin (6 damage)
             ... led by Robin
             ... on level 2 of the Dungeon.
             The game lasted 00:01:40 (1809 turns).

leafyfresh the Gusty (Octopode Air Elementalist)    Turns: 1809, Time: 00:01:41

Health: -3/21      AC:  1    Str:  7    XL:     3   Next: 54%
Magic:  1/6        EV: 13    Int: 19    God:
Gold:   36         SH:  0    Dex: 12    Spells: 4/7 levels left

rFire   . . .      SeeInvis .   i - +1 dagger (freeze)
rCold   . . .      Faith    .   (no shield)
rNeg    . . .      Spirit   .   (helmet restricted)
rPois   .          Reflect  .   (no amulet)
rElec   .          Harm     .   (no ring)
rCorr   .          Rampage  .   (no ring)
Will    .....                   (no ring)
Stlth   +++.......              (no ring)
HPRegen 0.07/turn               (no ring)
MPRegen 0.10/turn               (no ring)
                                (no ring)
                                (no ring)

@: very slightly contaminated
A: almost no armour, amphibious, 8 rings, camouflage 1, gelatinous body 1,
(nimble swimmer 1), tentacles
a: no special abilities


You were on level 2 of the Dungeon.
You visited 1 branch of the dungeon, and saw 2 of its levels.

You collected 36 gold pieces.

Inventory:

Hand Weapons
 c - a +0 short sword
 i - a +1 dagger of freezing (weapon)
 j - a +2 mace of holy wrath
Scrolls
 b - a scroll of identify {unknown}
 h - a scroll of vulnerability {unknown}
 k - a scroll of teleportation {unknown}
 m - a scroll of fear {unknown}
Potions
 a - a potion of magic
 d - a potion of brilliance {unknown}
 e - a potion of resistance {unknown}
 f - a potion of berserk rage {unknown}
 l - a potion of flight {unknown}


   Skills:
 - Level 2.0 Dodging
 - Level 2.6 Stealth
 + Level 2.6 Spellcasting
 + Level 2.0 Conjurations
 + Level 3.5 Air Magic


You had 4 spell levels left.
You knew the following spells:

 Your Spells              Type           Power      Damage    Failure   Level
a - Shock                 Conj/Air       52%        1d6       4%          1
b - Static Discharge      Conj/Air       13%        3-5/arc   8%          2

Your spell library contained the following spells:

 Spells                   Type           Power      Damage    Failure   Level
 Poisonous Vapours        Pois/Air       18%        N/A       12%         2
 Swiftness                Air            15%        N/A       12%         3
 Airstrike                Air            7%         2d(2-18)  36%         4
 Corpse Rot               Necr/Pois/Air  6%         N/A       69%         4


Dungeon Overview and Level Annotations

Branches:
Dungeon (2/15)

Altars:

Annotations:
D:2 Robin


Innate Abilities, Weirdness & Mutations

You cannot wear most types of armour.
You are amphibious.
You can wear up to eight rings at the same time.
Your skin changes colour to match your surroundings (Stealth+).
Your rubbery body absorbs attacks. (AC +1, EV +1)
((You are camouflaged when in or above water. (Stealth+)))
You have tentacles for arms and can constrict up to eight enemies at once.


Message History

You hit the hobgoblin but do no damage. You grab the hobgoblin.
You constrict the hobgoblin, but do no damage.
The hobgoblin hits you. The goblin hits you with a +0 dagger.
* * * LOW HITPOINT WARNING * * *
Robin throws the goblin at you!
* * * LOW HITPOINT WARNING * * *
The goblin closely misses you.
It was a potion of heal wounds.
You feel much better.
You constrict the hobgoblin, but do no damage.
The hobgoblin hits you but does no damage.
The goblin misses you.
Robin says, "My goblins will feast on your bones."
Robin throws the goblin at you! The goblin closely misses you.
The goblin misses you.
Unknown command.
You hit the goblin. You freeze the goblin.
You kill the goblin!
You constrict the hobgoblin, but do no damage.
The hobgoblin closely misses you. The goblin closely misses you.
The goblin hits you with a +0 dagger.
Unknown command.
You hit the goblin. You freeze the goblin.
You kill the goblin!
You constrict the hobgoblin. The hobgoblin barely misses you.
Robin throws the goblin at you! The goblin barely misses you.
The goblin hits you with a +0 club.
Unknown command.
You closely miss the goblin. You grab the goblin. You constrict the hobgoblin.
You constrict the goblin. The hobgoblin closely misses you.
Robin throws the goblin at you! The goblin hits you with a +0 club.
* * * LOW HITPOINT WARNING * * *
The goblin completely misses you.
Unknown command.
You hit the goblin. You freeze the goblin.
You kill the goblin!
You constrict the hobgoblin, but do no damage.
You constrict the goblin. The goblin hits you with a +0 club.
* * * LOW HITPOINT WARNING * * *
The hobgoblin hits you.
You die...

........#..........#.#.
......##.#............#.
..............#.......#.
................#.......#.
........................#.
........................#.
.........##.##...##.##....
......##g#)..##### ..#..
#.....##g@.8...... ..
#......g#...##### .
#.......##.## ##.......#.#
#.......#.# #.......#.#
#......##.# ........#
..........


You could see Robin, a hobgoblin (strong) and a goblin (strong).

Vanquished Creatures
  An adder (D:2)
  5 endoplasms
  9 goblins
  4 hobgoblins
  3 quokkas
  4 ball pythons (D:1)
  A frilled lizard (D:1)
  A kobold (D:1)
  3 rats (D:1)
31 creatures vanquished.

Notes
Turn   | Place    | Note
-------+----------+-------------------------------------------
     0 | D:1      | leafyfresh the Octopode Air Elementalist began the quest
                  | for the Orb.
     0 | D:1      | Reached XP level 1. HP: 11/11 MP: 3/3
   539 | D:1      | Found a faded altar of an unknown god.
   558 | D:1      | Reached XP level 2. HP: 17/17 MP: 5/5
   951 | D:1      | Learned a level 2 spell: Static Discharge
  1462 | D:2      | Reached XP level 3. HP: 14/21 MP: 6/6
  1795 | D:2      | Noticed Robin
  1809 | D:2      | Slain by a hobgoblin

Illustrated notes

Levels and vault maps discovered:
D:1:      heliophobic_arrival_enchanted_forest, layout_basic,
          shapermc_ecumenical_altar_totnotflames
D:2:      layout_basic, minmay_misc_feat_tower, uniq_robin

Skill      XL: |  1  2  3 |
---------------+----------+-----
Conjurations   | 2 |  2.0
Dodging        | |  2.0
Stealth        | |  2.6
Spellcasting   | |  2.6
Air Magic      | |  3.5

Action                   || total
-------------------------++-------
Melee: Unarmed           ||    11
       Tentacles         ||     9
       Constrict         ||     9
       Short sword       ||    25
       Dagger            ||    11
       Punch             ||     1
 Cast: Shock             ||     6
       Static Discharge  ||     2
  Use: Potion            ||     1
 Stab: Sleeping          ||     8
Armor: Skin              ||     7
Dodge: Dodged            ||    35
